 Dungeon Crawl Stone Soup version 0.29-a0-334-gb41bcbb86e (webtiles) character file.

Game seed: 8198184452527906832

39 spaghetti the Sneak (level 3, -2/27 HPs)
             Began as a Demonspawn Brigand on Apr 14, 2022.
             Slain by a hobgoblin (3 damage)
             ... on level 2 of the Dungeon.
             The game lasted 00:01:24 (772 turns).

spaghetti the Sneak (Demonspawn Brigand)             Turns: 772, Time: 00:01:25

Health: -2/27      AC:  3    Str: 11    XL:     3   Next: 28%
Magic:  3/3        EV: 12    Int: 12    God:
Gold:   37         SH:  0    Dex: 16    Spells: 2/2 levels left

rFire   . . .      SeeInvis .   a - +2 dagger {short}
rCold   . . .      Faith    .   (no shield)
rNeg    . . .      Spirit   .   b - +0 robe
rPois   .          Reflect  .   (no helmet)
rElec   .          Harm     .   c - +0 cloak
rCorr   .          Rampage  .   (no gloves)
Will    .....                   (no boots)
Stlth   +++.......              (no amulet)
HPRegen 0.09/turn               (no ring)
MPRegen 0.08/turn               (no ring)

@: no status effects
A: hooves 1
a: no special abilities


You were on level 2 of the Dungeon.
You visited 1 branch of the dungeon, and saw 2 of its levels.

You collected 37 gold pieces.


Innate Abilities, Weirdness & Mutations

You have large cloven feet.


   Skills:
 - Level 2.0 Fighting
 - Level 1.7 Short Blades
 + Level 2.3 Throwing
 * Level 2.5 Dodging
 - Level 3.6 Stealth


You had 2 spell levels left.
You didn't know any spells.
Your spell library was empty.

Inventory:

Hand Weapons
 a - a +2 dagger (weapon) {short}
Missiles
 d - 9 poisoned darts {throwing}
 e - 2 curare-tipped darts {=fthrowing}
 g - 32 stones (quivered) {throwing}
Armour
 b - a +0 robe (worn)
 c - a +0 cloak (worn)
Magical Staves
 i - a staff of fire {!astaff}
   (You found it on level 1 of the Dungeon)
Scrolls
 f - a scroll of fog {unknown}
 h - 2 scrolls of identify {unknown}
 k - a scroll of enchant weapon {unknown}

Dungeon Overview and Level Annotations

Branches:
Dungeon (2/15)

Altars:

Shops:
D:2

( #........#
#........#
#...⌠.⌠..#
#....∩...#
#...⌠.⌠..#
###.r......#
#.r..........
#g#........##
#@#........#
#.########## #.#
#.#
#.################
#.................
##################


You could see a hobgoblin and a rat.


Message History

The hobgoblin barely misses you. The kobold hits you but does no damage.
You completely miss the kobold. Your kick misses the kobold.
The kobold barely misses you. The hobgoblin hits you.
A frilled lizard comes into view.
The rat closely misses you.
The kobold hits you but does no damage. 😕 HP[-1]
You take 1 damage, and now have 20/22 hp.
You are too injured to fight recklessly!
You are too injured to fight recklessly!
You are too injured to fight recklessly!
You are too injured to fight recklessly!
You are too injured to fight recklessly!
You are too injured to fight recklessly!
You are too injured to fight recklessly!
You are too injured to fight recklessly!
You are too injured to fight recklessly!
You are too injured to fight recklessly!
You are too injured to fight recklessly!
You are too injured to fight recklessly!
You are too injured to fight recklessly!
You are too injured to fight recklessly!
You are too injured to fight recklessly!
You are too injured to fight recklessly!
Unknown command.
The hobgoblin attacks as you move away! The hobgoblin hits you.
The kobold attacks as you move away! The kobold misses you.
The frilled lizard hisses angrily. 😕 HP[-1]
You take 1 damage, and now have 19/22 hp.
The hobgoblin attacks as you move away! The hobgoblin hits you. 😕 HP[-1]
You take 1 damage, and now have 18/22 hp.
There is an open door here.
You barely miss the kobold. The kobold closely misses you.
You closely miss the kobold.
The kobold hits you with a +0 dagger of speed. x2 😮 HP[-5]
You take 5 damage, and now have 13/22 hp.
MASSIVE DAMAGE!! (PAUSE)
You closely miss the kobold. The kobold barely misses you.
You barely miss the kobold. Your kick misses the kobold.
The kobold barely misses you.
You closely miss the kobold. You kick the kobold.
You kill the kobold!
You barely miss the adder. The adder misses you.
You barely miss the adder. Your kick misses the adder.
The adder bites you but does no damage. The adder barely misses you.
You closely miss the adder. The adder barely misses you.
You hit the adder. You punch the adder, but do no damage.
The adder barely misses you.
You miss the adder. You kick the adder. The adder bites you.
* * * LOW HITPOINT WARNING * * *
😨 HP[-4]
You take 4 damage, and now have 9/22 hp.
You closely miss the adder. Your kick misses the adder. The adder bites you.
* * * LOW HITPOINT WARNING * * *
😨 HP[-3]
You take 3 damage, and now have 6/22 hp.
You closely miss the adder. The adder barely misses you.
You hit the adder. You kick the adder, but do no damage.
The adder barely misses you. The adder bites you but does no damage.
It was a potion of cancellation.
You feel magically purged. The adder closely misses you.
You hit the adder. You kick the adder. The adder misses you.
You barely miss the adder. Your kick misses the adder. You punch the adder.
You kill the adder!
You have reached level 3!
Your experience leads to an increase in your attributes!
Increase (S)trength, (I)ntelligence, or (D)exterity?
You feel agile. x2 😨 HP[+1] MP[+1]
You now have 27 max hp (+5).
Your mp is fully restored (3).
You closely miss the quokka. The quokka bites you.
* * * LOW HITPOINT WARNING * * *
😱 HP[-2]
You take 2 damage, and now have 5/27 hp.
You miss the quokka. You kick the quokka.
You kill the quokka!
You hit the frilled lizard but do no damage.
The frilled lizard bites you.
* * * LOW HITPOINT WARNING * * *
😱 HP[-1]
You take 1 damage, and now have 4/27 hp.
You hit the frilled lizard.
You kill the frilled lizard!
You hit the hobgoblin. Your kick misses the hobgoblin. The hobgoblin hits you.
* * * LOW HITPOINT WARNING * * *
😱 HP[-3]
You take 3 damage, and now have 1/27 hp.
Throw: 3 darts (curare) {=fthrowing}
Press: ? - help, Shift-Dir - straight line, f - dart slug, p - hobgoblin
Aim: a dart slug (93% to hit)
You throw a curare-tipped dart {=fthrowing}.
The curare-tipped dart {=fthrowing} barely misses the hobgoblin.
The curare-tipped dart {=fthrowing} hits the dart slug.
The dart slug is poisoned.
The dart slug convulses.
The dart slug seems to slow down.
You kill the dart slug!
You hit the hobgoblin. Your kick misses the hobgoblin. The hobgoblin hits you.
You die...

Skill      XL: |  1  2 |
---------------+-------+-----
Dodging        | 1 2 |  2.5
Throwing       | 2 |  2.3
Fighting       | |  2.0
Short Blades   | |  1.7
Stealth        | |  3.6

Action                   || total
-------------------------++-------
Melee: Dagger            ||    64
       Kick              ||     8
       Punch             ||     2
Throw: Stone             ||    13
       Dart              ||     2
  Use: Potion            ||     1
 Stab: Sleeping          ||     5
Armor: Robe              ||     7
Dodge: Dodged            ||    33

Levels and vault maps discovered:
D:1:      kennysheep_arrival_forest, layout_rooms
D:2:      layout_basic, serial_shops, shop_fountains, roderic_serpentine_path

Notes
Turn   | Place    | Note
-------+----------+-------------------------------------------
     0 | D:1      | spaghetti the Demonspawn Brigand began the quest for the
                  | Orb.
     0 | D:1      | Reached XP level 1. HP: 16/16 MP: 1/1
     0 | D:1      | magus.rc [v1.9.6]
    19 | D:1      | Reached skill level 1 in Dodging
   236 | D:1      | Gained mutation: You have large cloven feet. [demonic
                  | ancestry]
   236 | D:1      | Reached XP level 2. HP: 17/22 MP: 2/2
   246 | D:1      | Reached skill level 2 in Throwing
   418 | D:1      | Reached skill level 2 in Dodging
   736 | D:2      | Found Lacwep's Weapon Emporium.
   766 | D:2      | Reached XP level 3. HP: 7/27 MP: 3/3
   766 | D:2      | HP: 5/27 [quokka (2)]
   770 | D:2      | HP: 1/27 [hobgoblin (3)]
   772 | D:2      | Slain by a hobgoblin

Vanquished Creatures
  An adder (D:2)
  2 dart slugs
  2 endoplasms (D:1)
  3 giant cockroaches (D:1)
  A hobgoblin (D:1)
  2 jackals (D:1)
  4 quokkas
  A bat (D:1)
  A frilled lizard (D:2)
  2 goblins (D:1)
  3 kobolds
  2 rats (D:1)
24 creatures vanquished.

Table legend:
 A = Non-vault XP
 B = Vault XP
 C = Vault XP percentage of total XP
 D = Non-vault monster count
 E = Vault monster count
 F = Vault count percentage of total count
                 A         B        C        D         E       F
            +---------+---------+-------+---------+---------+-------
      Total |      57 |       0 |   0.0 |      24 |       0 |   0.0
            +---------+---------+-------+---------+---------+-------
        D:1 |      34 |       0 |   0.0 |      19 |       0 |   0.0
        D:2 |      23 |       0 |   0.0 |       5 |       0 |   0.0
            +---------+---------+-------+---------+---------+-------

Illustrated notes

Table legend:
 A = Kills in this place as a percentage of kills in entire the game.
 B = Kills by you in this place as a percentage of kills by you in the entire game.
 C = Kills by friends in this place as a percentage of kills by friends in the entire game.
 D = Other kills in this place as a percentage of other kills in the entire game.
 E = Experience gained in this place as a percentage of experience gained in the entire game.
 F = Experience gained in this place divided by the number of levels of this place that you have seen.
                   A       B       C       D       E      F
               +-------+-------+-------+-------+-------+----------------------
         Total | 100.0 | 100.0 |   N/A |   N/A | 100.0 |  28.5
       Dungeon | 100.0 | 100.0 |   N/A |   N/A | 100.0 |  28.5
               +-------+-------+-------+-------+-------+----------------------

Table legend: (Time is in decaauts)
 A = Elapsed time spent in this place.
 B = Non-inter-level travel time spent in this place.
 C = Inter-level travel time spent in this place.
 D = Time resting spent in this place.
 E = Time spent auto-exploring this place.
 F = Levels seen in this place.
 G = Mean time per level.
                   A        B        C        D        E       F      G
               +--------+--------+--------+--------+--------+-----+--------+
         Total |    766 |    743 |     23 |      0 |    570 |   2 |  383.0 |
       Dungeon |    766 |    743 |     23 |      0 |    570 |   2 |  383.0 |
               +--------+--------+--------+--------+--------+-----+--------+

Top non-repeatable levels by time:
     D:1: 703 daAuts
     D:2: 62 daAuts
